[Event "Early-Titled-Tuesday-Blitz-January-23-2024"]
[Site "Chess.com"]
[Date "2024.01.23"]
[Round "4"]
[White "francyIM"]
[Black "viniciusrego"]
[Result "0-1"]
[WhiteElo "2790"]
[BlackElo "2466"]
[TimeControl "180+1"]
[EndTime "8:39:18 PST"]
[Termination "viniciusrego won by resignation"]

1. b3 Nf6 2. Bb2 e6 3. e3 Be7 4. f4 O-O 5. g4 Ne4 6. g5 f6 7. Qf3 d5 8. d3 Nd6 9. g6 hxg6 10. h4 Qe8 11. Nd2 c6 12. O-O-O e5 13. h5 gxh5 14. Rxh5 e4 15. Qh1 Bg4 16. Rh8+ Kf7 17. Rxf8+ Bxf8 18. Be2 Bxe2 19. Nxe2 exd3 20. Nd4 Nd7 21. Rg1 Qxe3 22. cxd3 Nc5 23. Rg2 Nxd3+ 24. Kc2 Nxb2 25. Qh5+ Kg8 26.
Nf5 Nxf5 27. Qxf5 Qd3+ 28. Qxd3 Nxd3 29. Kxd3 Re8 30. Nf1 Bc5 31. Rg3 Kf7 32. Rf3 Re1 33. f5 Ra1 34. a4 Bd6 35. Ne3 Be5 36. Rh3 Rb1 37. Rh8 Rxb3+ 38. Ke2 d4 39. Nc4 b5 40. axb5 cxb5 41. Na5 Re3+ 42. Kd1 Ra3 43. Nb7 Ra1+ 44. Ke2 Ra2+ 45. Kd3 Rh2 46. Rc8 Rh3+ 47. Ke4 Rc3 48. Ra8 Rc7 49. Nd8+ Ke7 50. Ne6 Rd7 51. Nxg7 d3 52. Re8+ Kf7 0-1

[Event "Early-Titled-Tuesday-Blitz-January-23-2024"]
[Site "Chess.com"]
[Date "2024.01.23"]
[Round "4"]
[White "MalyDominator"]
[Black "Kotofeyca"]
[Result "0-1"]
[WhiteElo "2534"]
[BlackElo "2363"]
[TimeControl "180+1"]
[EndTime "8:39:18 PST"]
[Termination "Kotofeyca won on time"]

1. e4 c5 2. Nf3 d6 3. d4 cxd4 4.
Nxd4 Nf6 5. Nc3 a6 6. Be3 Ng4 7. Bc1 Nc6 8. Be2 Qb6 9. Bxg4 Qxd4 10. O-O Bxg4 11. Qxg4 Ne5 12. Qe2 e6 13. Be3 Qc4 14.
Qd2 Qc6 15. Qe2 Rc8 16. Rad1 Be7 17. Kh1 O-O 18. f4 Nc4 19. Bc1 Bf6 20. Rd3 b5 21. Rg3 b4 22. e5 dxe5 23. Ne4 Be7 24. Qg4 g6 25. Ng5 exf4 26. Bxf4 e5 27. Qh3 Bxg5 28.
Bxg5 f6 29. Bc1 f5 30. Bh6 f4 31. Bxf8 fxg3 32. Qh6 Qd7 33. hxg3 Ne3 34. Qxe3 Rxf8 35.
Qb3+ Kg7 36. Rxf8 Kxf8 37. Qxb4+ Kg7 38. Qe1 Qd5 39. b3 Kf6 40. c4 Qd4 41. Qc1 e4 42. c5 e3 43. Qf1+ Ke6 44. Qxa6+ Ke5 45. Qe2 Qxc5 46.
Kh2 Qc1 47. Qb5+ Ke4 48. Qe8+ Kd3 49. Qd7+ Kc2 50. Qc6+ Kd1 51. Qd5+ Qd2 0-1

[Event "Early-Titled-Tuesday-Blitz-January-23-2024"]
[Site "Chess.com"]
[Date "2024.01.23"]
[Round "4"]
[White "1mbl4"]
[Black "DavidGavrilescu18"]
[Result "1-0"]
[WhiteElo "2579"]
[BlackElo "2817"]
[TimeControl "180+1"]
[EndTime "8:39:19 PST"]
[Termination "1mbl4 won by resignation"]

1. d4 d5 2. Nf3 Nf6 3. Bf4 c5 4. e3 Nc6 5. Nbd2 cxd4 6. exd4 Bf5 7. c3 e6 8. Bb5 Bd6 9. Bxc6+ bxc6 10. Bxd6 Qxd6 11.
O-O O-O 12. b4 a5 13. a3 Nd7 14. Nb3 axb4 15. axb4 Bg4 16. Na5 e5 17. h3 Bh5 18. g4 Bg6 19. dxe5 Nxe5 20. Nxe5 Qxe5 21. Nxc6 Qxc3 22. Rxa8 Rxa8 23. Qxd5 Re8 24. Qd7 Kf8 25. Qd6+ Kg8 26. Qd7 Rf8 27. Qd6 Be4 28. Ne7+ Kh8 29. Nd5 Qc8 30. Nb6 Qe8 31. Re1 f5 32. Nd7 Rf7 33. Nc5 Qa8 34. gxf5 Bxf5 35. Qd5 Qg8 36.
Re3 h6 37. b5 Qf8 38. b6 Bc8 39. Ne6 Bxe6 40. Qxe6 Kh7 41. Qe4+ g6 42. Qe8 Qg7 43. Qe5 Qf8 44. Qe8 Qg7 45. Qe5 Qg8 46. Rc3 Qd8 47. Rc7 Qd1+ 48. Kh2 Qf3 49. Rxf7+ Qxf7 50. Qc7 Kg7 51.
Qxf7+ Kxf7 52. b7 h5 53. b8=Q g5 54. Qd6 g4 55. hxg4 hxg4 56. Kg3 Kg7 57. Kxg4 Kf7 1-0

[Event "Early-Titled-Tuesday-Blitz-January-23-2024"]
[Site "Chess.com"]
[Date "2024.01.23"]
[Round "4"]
[White "Elsa167"]
[Black "Russian_berezka"]
[Result "1-0"]
[WhiteElo "2910"]
[BlackElo "2594"]
[TimeControl "180+1"]
[EndTime "8:39:20 PST"]
[Termination "Elsa167 won on time"]

1. d4 g6 2. c4 Bg7 3. e4 d6 4. Nc3 e5 5. dxe5 Bxe5 6. Nf3 Bg7 7. Bg5 Bf6 8. Bxf6 Nxf6 9. e5 dxe5 10. Qxd8+ Kxd8 11.
O-O-O+ Ke7 12. Nxe5 Be6 13. Nb5 Na6 14. Be2 Rad8 15.
Bf3 c6 16. Rxd8 Rxd8 17. Bxc6 bxc6 18. Nxc6+ Ke8 19. Nxd8 Kxd8 20. b3 Nb4 21. Rd1+ Ke7 22.
Nxa7 Nxa2+ 23. Kb2 Nb4 24. Kc3 Na2+ 25. Kb2 Nb4 26.
f3 Nd7 27. Rd2 Nb8 28. Kc3 N8a6 29. Nb5 h5 30. h4 f6 31. Nd4 Kf7 32. Nc2 Na2+ 33.
Kb2 N2b4 34. Nxb4 Nxb4 35. Kc3 Nc6 36. b4 Ke7 37. b5 Ne5 38. c5 Nd7 39. Kb4 g5 40.
hxg5 fxg5 41. b6 Nb8 42. b7 Bd7 43. Ka5 g4 44. fxg4 hxg4 45. Kb6 Kd8 46. Rd6 Ke7 47. Kc7 Nc6 48. Rxc6 Bxc6 49. Kxc6 1-0

[Event "Early-Titled-Tuesday-Blitz-January-23-2024"]
[Site "Chess.com"]
[Date "2024.01.23"]
[Round "4"]
[White "Genghis_K"]
[Black "GHANDEEVAM2003"]
[Result "0-1"]
[WhiteElo "2849"]
[BlackElo "3035"]
[TimeControl "180+1"]
[EndTime "8:39:21 PST"]
[Termination "GHANDEEVAM2003 won by resignation"]

1. e4 c6 2. d4 d5 3. e5 Bf5 4. h4 h6 5. g4 Be4 6. f3 Bh7 7.
e6 Qd6 8. exf7+ Kxf7 9. f4 Nf6 10. Nf3 Qe6+ 11. Ne5+ Ke8 12. Bh3 Ne4 13. Nc3 Nxc3 14.
bxc3 Be4 15. O-O Nd7 16. Kh2 g5 17. Rb1 b5 18. a4 a6 19. Qe2 Bg7 20. Nxd7 Qxd7 21.
fxg5 Qd6+ 22. Bf4 e5 23. gxh6 exf4 24. hxg7 Rg8 25. Qf2 f3+ 26. Qg3 Qe7 27. axb5 cxb5 28.
Rbe1 Rxg7 29. Rxf3 a5 30. Rf5 Qc7 31. Rxd5 Qxg3+ 32.
Kxg3 Re7 33. Rxb5 a4 34. Rh5 Kd7 35. g5+ Kd6 36. Rh6+ Kd5 37. Rb6 Kc4 38. Re3 a3 39. Bf1+ Kd5 40. Rb5+ Kd6 41. Rb1 Bxc2 42. Rxe7 Bxb1 43.
Re1 a2 44. Bd3 a1=Q 45. Rxb1 Qxc3 46. Rb6+ Kc7 47. Rf6 Qxd3+ 48. Kg4 Qxd4+ 49. Rf4 Qd7+ 50. Kh5 Rh8+ 51. Kg6 Qh7+ 52. Kf6 Rf8+ 53. Ke5 Qe7+ 54. Kd4 Rxf4+ 0-1

[Event "Early-Titled-Tuesday-Blitz-January-23-2024"]
[Site "Chess.com"]
[Date "2024.01.23"]
[Round "4"]
[White "RodokininEV"]
[Black "emeli_chess"]
[Result "1-0"]
[WhiteElo "2618"]
[BlackElo "2421"]
[TimeControl "180+1"]
[EndTime "8:39:21 PST"]
[Termination "RodokininEV won on time"]

1. f4 d5 2. Nf3 c5 3. b3 Nc6 4. e3 Qc7 5. Bb2 Nf6 6. Bd3 e6 7.
O-O Be7 8. Qe1 b6 9. a4 a6 10. Nc3 Bb7 11. Ne2 O-O-O 12. Ne5 Bd6 13. Qg3 Rhg8 14.
Kh1 d4 15. exd4 cxd4 16. Nxd4 Nxe5 17. Nxe6 Nxd3 18. Nxc7 Nxb2 19. Ne6 fxe6 20. Qc3+ Kb8 21. Qxb2 Ne4 22. d3 Nf6 23. Rae1 Rge8 24. b4 Nd5 25. b5 a5 26. Re4 g5 27. fxg5 Rg8 28. Rf7 Rxg5 29. Qc1 Rdg8 30. g3 Nc3 31. Qe3 Nxe4 32. dxe4 Bc5 33. Qf3 Re5 34. Rxb7+ Kxb7 35. Qf7+ Kb8 36.
Qxg8+ Kc7 37. Qxh7+ Kd6 38. Qb7 Rg5 39. Qc6+ Ke7 40.
Kg2 Re5 41. h4 Rh5 42. Kh3 Rh8 43. Qc7+ Kf6 44. Qf4+ Ke7 45. Qg5+ Kd6 46. h5 Bd4 47. g4 Be5 48. Qd2+ Ke7 49. Qe3 Rf8 50. Qxb6 Rf3+ 51. Kg2 Rg3+ 52. Kf2 Rxg4 53. Qc5+ Kf6 54. b6 1-0

[Event "Early-Titled-Tuesday-Blitz-January-23-2024"]
[Site "Chess.com"]
[Date "2024.01.23"]
[Round "4"]
[White "ilqar_74"]
[Black "hakanazeri2"]
[Result "1-0"]
[WhiteElo "2893"]
[BlackElo "2578"]
[TimeControl "180+1"]
[EndTime "8:39:22 PST"]
[Termination "ilqar_74 won on time"]

1. e4 c5 2. Nf3 d6 3. d4 cxd4 4. Nxd4 Nf6 5. Nc3 a6 6. Be2 e5 7. Nf5 h6 8. Ne3 Nc6 9. O-O Be6 10. Ned5 Nd4 11. Be3 Bxd5 12. Nxd5 Nxe2+ 13. Qxe2 Nxd5 14. exd5 Be7 15. c4 O-O 16. b4 b6 17. f3 f5 18. Qf2 Rb8 19. a4 a5 20. Rab1 Bh4 21.
Qe2 axb4 22. Rxb4 f4 23. Bf2 Qc7 24. Rfb1 Bxf2+ 25. Qxf2 Ra8 26. Qxb6 Qxb6+ 27. Rxb6 Rxa4 28. Rxd6 Rxc4 29. Rd7 Rfc8 30. d6 Rc1+ 31. Rxc1 Rxc1+ 32. Kf2 Rd1 33. Ke2 Rd5 34. g3 Kh7 35. Rd8 Kg6 36.
d7 Kf7 37. g4 Ke7 38. Rg8 g5 39. Rg6 Kxd7 40. Rxh6 Rd6 41. Rh7+ Ke6 42. Rh5 Rc6 43.
Kd3 Kd5 44. Rxg5 Ra6 45. h4 Ra3+ 46. Ke2 Kd4 47. h5 Ra2+ 48. Ke1 e4 49. Rb5 exf3 50. h6 f2+ 51. Kf1 Ke3 52. Rb3+ Ke4 53. h7 Ra1+ 54.
Kxf2 Ra2+ 55. Kg1 Ra1+ 56. Kg2 Ra2+ 57. Kh3 Ra8 58. Rb7 Rh8 59. Re7+ Kd5 60. g5 Kd6 61. Rg7 Ke6 62. Kg4 f3 63. Kxf3 Kf5 64. g6 1-0

[Event "Early-Titled-Tuesday-Blitz-January-23-2024"]
[Site "Chess.com"]
[Date "2024.01.23"]
[Round "4"]
[White "Tejas_Rama"]
[Black "cthulhuuu"]
[Result "0-1"]
[WhiteElo "2633"]
[BlackElo "2445"]
[TimeControl "180+1"]
[EndTime "8:39:22 PST"]
[Termination "cthulhuuu won by resignation"]

1. d4 Nf6 2. c4 e5 3. dxe5 Ng4 4. e4 Nxe5 5. f4 Nec6 6. Nc3 Bc5 7. Na4 Bb4+ 8. Kf2 Qe7 9. Bd3 f5 10. exf5 O-O 11. Nf3 Re8 12. a3 Bc5+ 13. Nxc5 Qxc5+ 14. Kg3 a5 15. Re1 Rxe1 16. Qxe1 Ne7 17. Qe5 Na6 18. Be3 Qd6 19. Qxd6 cxd6 20. b4 d5 21.
c5 Nc7 22. Rb1 axb4 23. axb4 Ra3 24. Rd1 Nxf5+ 25. Bxf5 Rxe3 26. Kf2 Rb3 27. Rd4 Ne6 28. Bxe6+ dxe6 29. Ne5 Kf8 30. h3 Ke7 31. Nd3 Bd7 32. Ke3 Bb5 33. Kd2 Bxd3 34. Rxd3 Rxb4 35. g3 Rb5 36. Rc3 Kd7 37. Kd3 Kc6 38. Kd4 Rb4+ 39.
Kd3 g6 40. h4 h5 41. Kd2 Rc4 42. Ra3 Kxc5 43. Ra8 b5 44. Rg8 b4 45. Rxg6 Kd4 46.
Rg8 b3 47. Rb8 Rc2+ 48. Kd1 Kc3 49. Rc8+ Kb2 50. Rb8 Rg2 51. g4 Rxg4 52. f5 exf5 53. Rb5 Rxh4 54. Rxd5 Rf4 55. Rb5 h4 0-1

[Event "Early-Titled-Tuesday-Blitz-January-23-2024"]
[Site "Chess.com"]
[Date "2024.01.23"]
[Round "4"]
[White "jaskol95"]
[Black "GMKrikor"]
[Result "0-1"]
[WhiteElo "2559"]
[BlackElo "2801"]
[TimeControl "180+1"]
[EndTime "8:39:25 PST"]
[Termination "GMKrikor won by resignation"]

1. e4 e6 2. d4 d5 3. exd5 exd5 4. h3 Nc6 5. Nf3 Bd6 6. Bd3 Nge7 7. Bg5 f6 8. Be3 Bf5 9. c3 Qd7 10. b4 O-O 11.
Qc2 Rae8 12. Nbd2 Bxd3 13. Qxd3 Nf5 14. O-O Nd8 15. Rae1 c6 16. a3 Nf7 17. c4 dxc4 18.
Nxc4 Bb8 19. Na5 Ne7 20. Nb3 b6 21. Rc1 Nd5 22. Rfe1 Re6 23. Bd2 Rfe8 24. Rxe6 Rxe6 25. Re1 Rxe1+ 26. Nxe1 Nd6 27. Nf3 Qe6 28. Nc1 Ne4 29.
Ne2 h6 30. Nc3 Nexc3 31. Bxc3 Nf4 32. Qd2 Qe4 33. Kf1 Qb1+ 34. Qe1 Qd3+ 35. Kg1 Ne2+ 36.
Kh1 Kf7 37. Bd2 Nxd4 38. Nxd4 Qxd4 39. Be3 Qe5 40. g3 Bd6 41. Qd2 Qd5+ 42. Qxd5+ cxd5 43. Kg2 Ke6 44. Kf3 f5 45. Ke2 Bb8 46. Bd4 g6 47.
Kd3 b5 48. g4 fxg4 49. hxg4 h5 50. gxh5 gxh5 51. Ke3 a6 52. Kf3 Kf5 53. Bc3 Be5 54. Bd2 Bb2 55. Kg3 d4 56. Kh4 Kg6 57. f4 Bc3 58. Bc1 d3 59. f5+ Kxf5 0-1

[Event "Early-Titled-Tuesday-Blitz-January-23-2024"]
[Site "Chess.com"]
[Date "2024.01.23"]
[Round "4"]
[White "DuleMudule"]
[Black "Squirlolz"]
[Result "0-1"]
[WhiteElo "2852"]
[BlackElo "2585"]
[TimeControl "180+1"]
[EndTime "8:39:27 PST"]
[Termination "Squirlolz won by resignation"]

1. d4 Nf6 2. Bg5 c6 3. Nd2 d5 4. e3 Bf5 5. Bd3 e6 6. Ngf3 Nbd7 7. Ne5 Be7 8. Ndf3 Nxe5 9. Nxe5 O-O 10. O-O Ne4 11.
Bxe7 Qxe7 12. c4 Rfd8 13. Qc2 Nd6 14. c5 Bxd3 15. Nxd3 Nf5 16. b4 f6 17. a4 Nh4 18.
b5 e5 19. Nb4 Qe6 20. Qd1 g6 21. a5 cxb5 22. a6 bxa6 23. Rxa6 Qf5 24. Qb1 Qg4 25.
g3 Nf3+ 26. Kg2 Nh4+ 27. Kg1 exd4 28. Rxf6 Nf3+ 29. Kg2 Nh4+ 30. Kh1 Nf5 31. exd4 Qxd4 32. Nc6 Qxf6 33. Nxd8 Rxd8 34. Qxb5 d4 35. c6 Rc8 36.
Qb7 Qxc6+ 37. Qxc6 Rxc6 38. Kg2 d3 39. Rd1 Rd6 40. Kf3 a5 41. Ke4 d2 42. g4 Ne7 43. Ke3 Kg7 44. f4 h6 45. h4 g5 46.
hxg5 hxg5 47. fxg5 Kg6 48. Rxd2 Rxd2 49. Kxd2 Kxg5 50. Kd3 Kxg4 51. Kc4 Nc6 52. Kb5 Kf4 53. Kc5 Ke4 54. Kxc6 a4 55. Kb5 a3 56. Kb4 a2 57. Kb3 a1=Q 0-1

[Event "Early-Titled-Tuesday-Blitz-January-23-2024"]
[Site "Chess.com"]
[Date "2024.01.23"]
[Round "4"]
[White "Yaacovn"]
[Black "GameOverBro"]
[Result "1/2-1/2"]
[WhiteElo "2773"]
[BlackElo "2560"]
[TimeControl "180+1"]
[EndTime "8:39:27 PST"]
[Termination "Game drawn - insufficient material"]

1. d4 Nf6 2. e3 b6 3. Nf3 Bb7 4.
Be2 e6 5. O-O d5 6. b3 Nbd7 7.
Bb2 Rg8 8. Ne5 Nxe5 9. dxe5 Ne4 10. f3 Nc5 11. c4 Qh4 12. cxd5 O-O-O 13. Qe1 Qxe1 14. Rxe1 Rxd5 15. e4 Rd7 16. Nc3 Nd3 17. Bxd3 Rxd3 18. Rad1 Bc5+ 19. Kf1 Rgd8 20. Rxd3 Rxd3 21.
Rd1 Rxd1+ 22. Nxd1 Ba6+ 23. Ke1 Bg1 24. h3 c5 25. Bc1 Kd7 26. Be3 Bh2 27. f4 g5 28.
fxg5 Bxe5 29. Kd2 Bb7 30. Kd3 Ba6+ 31. Kd2 Bb7 32. Nf2 Kd6 33. Kd3 Ba6+ 34. Kd2 Bf1 35. g4 Bg2 36. Ke2 Bg3 37. Nd3 Bxe4 38. Bf4+ Bxf4 39.
Nxf4 Bb1 40. Kd2 Bxa2 41. Kc2 c4 42. b4 a5 43. bxa5 bxa5 44. Kc3 e5 45. Ng2 Kc5 46. Ne3 a4 47. Nf5 a3 48. Nh6 e4 49. Nxf7 e3 50.
Ne5 Bb3 51. Nf3 a2 52. Kb2 Kd5 53. Ne1 Kd4 54. h4 c3+ 55. Kxb3 e2 56. Kxa2 Ke3 57. Kb3 Kf4 58. Kxc3 Kxg4 59. Ng2 e1=Q+ 60. Nxe1 Kxh4 61. Nf3+ Kg4 62. Ng1 Kxg5 63. Kd2 h5 64. Ke2 h4 65. Kf2 h3 66. Nxh3+ 1/2-1/2

[Event "Early-Titled-Tuesday-Blitz-January-23-2024"]
[Site "Chess.com"]
[Date "2024.01.23"]
[Round "4"]
[White "BashirliSaadat"]
[Black "arenal72"]
[Result "1-0"]
[WhiteElo "2429"]
[BlackElo "2576"]
[TimeControl "180+1"]
[EndTime "8:39:28 PST"]
[Termination "BashirliSaadat won on time"]

1. e4 Nc6 2. d4 d5 3. exd5 Qxd5 4. Nf3 Bg4 5. Be3 Bxf3 6. Qxf3 Qxf3 7. gxf3 O-O-O 8. c3 e5 9. dxe5 Nxe5 10. Nd2 f5 11.
Be2 Nf6 12. O-O-O a6 13. Nb3 Be7 14. Bd4 Ng6 15. Bd3 Nh4 16. Rhe1 Rhe8 17. Bc4 Bd6 18. Bxf6 gxf6 19. Nd4 c5 20. Be6+ Kc7 21. Nxf5 Bf4+ 22. Kc2 Rxd1 23. Kxd1 Nxf3 24. Re4 Be5 25. Bd5 Rd8 26.
c4 Rd7 27. Kc2 h5 28. Re3 Ng5 29. h4 Nh7 30. Rb3 b6 31. a4 a5 32. Re3 Nf8 33. Re1 Ng6 34. Rg1 Nf4 35. Ne3 Bd4 36. Be4 Nh3 37.
Rg3 Nxf2 38. Bf5 Bxe3 39. Bxd7 Bd4 40. Be6 Ne4 41. Rg7+ Kd6 42. Bf5 Ke5 43. Bxe4 Kxe4 44.
Rh7 f5 45. Rxh5 f4 46. Rh7 f3 47. Rf7 Be3 48. h5 f2 49. Kd1 Kd3 50. Rf6 Kxc4 51. h6 Kd3 52. h7 Bd4 53. Rf7 c4 54. Rf3+ Ke4 55. Rxf2 1-0

[Event "Early-Titled-Tuesday-Blitz-January-23-2024"]
[Site "Chess.com"]
[Date "2024.01.23"]
[Round "4"]
[White "karenzc"]
[Black "rynos0411"]
[Result "0-1"]
[WhiteElo "2196"]
[BlackElo "2501"]
[TimeControl "180+1"]
[EndTime "8:39:28 PST"]
[Termination "rynos0411 won by checkmate"]

1. e4 c5 2. Nc3 d6 3. f4 Nc6 4. Nf3 g6 5. d3 Bg7 6. Be3 e6 7. d4 cxd4 8. Nxd4 a6 9. Qd2 Nf6 10. Rd1 d5 11. e5 Ng4 12. Nxc6 bxc6 13. Bc5 Bf8 14. Bxf8 Kxf8 15. Be2 h5 16. Ne4 Qh4+ 17. g3 Qe7 18. Bxg4 hxg4 19. Nf6 Rb8 20. Qc3 c5 21. Nxg4 d4 22. Qa3 Bb7 23. Kf2 Bxh1 24. Rxh1 Kg7 25. h4 Qb7 26. Rb1 Qe4 27. Qd3 Qd5 28. b3 a5 29. Nf6 Qc6 30. Rg1 a4 31. h5 gxh5 32. g4 h4 33. g5 axb3 34. g6 Rh6 35. gxf7+ Kxf7 36. axb3 h3 37. Qd1 h2 38. Rh1 Rbh8 39.
Qf3 Qxf3+ 40. Kxf3 Rh3+ 41. Kg2 Rc3 42. Ne4 Rxc2+ 43.
Kg3 d3 44. Nd6+ Ke7 45. f5 exf5 46. Nxf5+ Ke6 47. Ne3 Re2 48. Nc4 d2 49. Kf3 Re1 50.
Nxd2 Rxh1 51. Ne4 Rf1+ 52. Ke3 h1=Q 53. Ng5+ Kxe5 54. Nf7+ Rxf7 55. Kd3 Qf3+ 56. Kc4 Qd5+ 57. Kb5 Rb7+ 58. Ka5 Ra8# 0-1

[Event "Early-Titled-Tuesday-Blitz-January-23-2024"]
[Site "Chess.com"]
[Date "2024.01.23"]
[Round "4"]
[White "alekroth65"]
[Black "Al_Shima"]
[Result "0-1"]
[WhiteElo "2336"]
[BlackElo "2227"]
[TimeControl "180+1"]
[EndTime "8:39:28 PST"]
[Termination "Al_Shima won by resignation"]

1. d4 Nf6 2. c4 e6 3. Nf3 d5 4. Bg5 Be7 5. e3 h6 6. Bxf6 Bxf6 7. Nc3 c6 8. Qd2 O-O 9. h4 Re8 10. g4 Nd7 11. g5 hxg5 12. hxg5 Bxg5 13. O-O-O e5 14.
cxd5 exd4 15. Nxd4 cxd5 16. f4 Bf6 17. Bd3 Nc5 18. Bh7+ Kf8 19. Bc2 Be6 20. Nxe6+ fxe6 21. Bg6 Ke7 22. Bxe8 Qxe8 23. f5 Rc8 24. Kb1 Qc6 25. fxe6 Bxc3 26. Qxc3 Nxe6 27. Qa3+ Kd7 28. Rc1 Qb6 29.
Rhd1 Rxc1+ 30. Rxc1 a6 31. Qc3 g5 32. a3 Kd6 33.
Ka1 a5 34. Rd1 Qb5 35. Qd3 Qxd3 36. Rxd3 Ke5 37. Kb1 g4 38. Kc2 Ng5 39. Kd1 g3 40. Ke2 Kf5 41. Kf1 Kg4 42. Kg2 Nf3 43. Rxd5 Ne1+ 44. Kf1 g2+ 45. Kf2 Nc2 46. Kxg2 Nxe3+ 47. Kf2 Nxd5 48. Ke2 Kf4 49. Kd3 Ke5 50. Kc4 b6 51. Kb5 Kd4 52. Kc6 Kc4 53. b4 axb4 54. axb4 Kxb4 55.
Kxd5 b5 56. Kd4 Kb3 57. Kd3 b4 58. Kd2 Ka2 59. Kc1 b3 0-1

[Event "Early-Titled-Tuesday-Blitz-January-23-2024"]
[Site "Chess.com"]
[Date "2024.01.23"]
[Round "4"]
[White "Fandorine"]
[Black "Alex_Sahakyan2006"]
[Result "1-0"]
[WhiteElo "2980"]
[BlackElo "2717"]
[TimeControl "180+1"]
[EndTime "8:39:33 PST"]
[Termination "Fandorine won by resignation"]

1. d4 Nf6 2. c4 c5 3. d5 b5 4. cxb5 a6 5. e3 g6 6. Nc3 Bg7 7. a4 O-O 8. Nf3 d6 9. Be2 axb5 10. Bxb5 Ba6 11. Bd2 Nbd7 12. O-O Bxb5 13. axb5 Qb6 14. Qe2 Rfb8 15. e4 Ne8 16. h4 Nc7 17. h5 gxh5 18. Nh4 Rxa1 19. Rxa1 Nxb5 20. Qxb5 Qxb5 21. Nxb5 Rxb5 22.
Ra7 Rxb2 23. Be3 Ne5 24. f3 Ng6 25. Ra8+ Nf8 26. Nf5 Rb7 27. Nh6+ Kh8 28. Nxf7+ Kg8 29. Nh6+ Kh8 30. Nf5 Kg8 31. Nh6+ Kh8 32. Bg5 Rb1+ 33.
Kh2 Ra1 34. Rc8 Ra7 35. Nf5 Kg8 36. Bxe7 Rxe7 37. Nxe7+ Kf7 38. Nf5 Be5+ 39. g3 Ng6 40. f4 Nxf4 41. gxf4 Bxf4+ 42. Kg2 Kf6 43. Kf3 Be5 44. Rd8 c4 45. Nxd6 Ke7 46. Rc8 Bxd6 47. Rxc4 Kf6 48. Rc8 h4 49. Re8 Bg3 50. Re6+ Kf7 51. Rh6 Kg7 52. Rh5 Kg6 53. Rf5 h6 54.
Kg2 Kg7 55. Kh3 Kg6 56. Rf3 Kg5 57. Rxg3+ hxg3 58. Kxg3 h5 59. Kh3 Kf4 60. d6 1-0

[Event "Early-Titled-Tuesday-Blitz-January-23-2024"]
[Site "Chess.com"]
[Date "2024.01.23"]
[Round "4"]
[White "sonicdravise"]
[Black "ljuks68"]
[Result "1/2-1/2"]
[WhiteElo "2643"]
[BlackElo "2477"]
[TimeControl "180+1"]
[EndTime "8:39:33 PST"]
[Termination "Game drawn - insufficient material"]

1. d4 d5 2. c4 c6 3. Nf3 Nf6 4. e3 e6 5. b3 Bb4+ 6. Nbd2 c5 7.
dxc5 Bxc5 8. Bb2 Nc6 9. Be2 d4 10. exd4 Nxd4 11. Nxd4 Bxd4 12. Bxd4 Qxd4 13. O-O Bd7 14.
Nf3 Qxd1 15. Rfxd1 O-O-O 16. Ne5 Rhf8 17. Bf3 Kc7 18. g4 Bc6 19. Nxc6 bxc6 20. g5 Nd7 21. Be4 Nc5 22. Bc2 e5 23. Rxd8 Rxd8 24. Rd1 Rxd1+ 25. Bxd1 h6 26. gxh6 gxh6 27. Bh5 f6 28. Kg2 Kd6 29. Kf3 Ke6 30. Be8 Nd7 31. Ke3 c5 32. f4 Nb6 33.
Bc6 Nc8 34. Bd5+ Kf5 35. fxe5 Kxe5 36. a3 a5 37. Kd3 Ne7 38. Bg2 Nf5 39. Kc3 Ne3 40.
Bf3 Nf1 41. h3 Kf4 42. Bd5 Ke5 43. b4 axb4+ 44. axb4 cxb4+ 45. Kxb4 Ne3 46. Bf3 Kd6 47. c5+ Kc7 48. c6 Nf5 49. Kc5 Ne7 50. Bg2 h5 51. h4 Nf5 52. Bf3 Nxh4 53. Bxh5 f5 54. Be2 f4 55.
Kd4 f3 56. Bxf3 Nxf3+ 57. Kc5 Ne5 58. Kd5 Nxc6 1/2-1/2

[Event "Early-Titled-Tuesday-Blitz-January-23-2024"]
[Site "Chess.com"]
[Date "2024.01.23"]
[Round "4"]
[White "dmosesov"]
[Black "Quattroporte300"]
[Result "0-1"]
[WhiteElo "2616"]
[BlackElo "2443"]
[TimeControl "180+1"]
[EndTime "8:39:33 PST"]
[Termination "Quattroporte300 won on time"]

1. Nf3 c5 2. e4 Nc6 3. Bc4 e6 4. O-O Nf6 5. Re1 Nxe4 6. Rxe4 d5 7. Bxd5 Qxd5 8. Nc3 Qd8 9. d4 cxd4 10. Nxd4 Bc5 11. Nxc6 Qxd1+ 12. Nxd1 bxc6 13. Rc4 Bb6 14. a4 Bd7 15. Bf4 f6 16. a5 Bd8 17. Nc3 e5 18. Be3 Be7 19. Rd1 Bd8 20. b4 g5 21.
Ne4 Be7 22. Bc5 Be6 23. Bxe7 Bxc4 24. Bxf6 O-O 25. Bxe5 Rf5 26. Bb2 Kf8 27. f3 Rd5 28.
Re1 Re8 29. Kf2 h6 30. Re3 Rb5 31. Nd6 Rxe3 32. Kxe3 Rxb4 33. Ba3 Ra4 34. Nxc4+ Kf7 35.
Kd3 Ke6 36. Bb2 Rb4 37. Kc3 Rb8 38. Ba3 Rd8 39. Ne3 a6 40. Bc5 Rb8 41. Kc4 Rb2 42.
c3 Ra2 43. Ng4 Rxg2 44. Nxh6 Rxh2 45. Ng4 Ra2 46. Ne3 Ra4+ 47. Bb4 Ra2 48. Kc5 Rf2 49.
Nc4 Rxf3 50. Kb6 g4 51. Nd2 Rf5 52. Kxa6 g3 53. Ne4 g2 54. Bc5 Rxc5 55. Nxc5+ Kd5 56.
Nd7 g1=Q 0-1

[Event "Early-Titled-Tuesday-Blitz-January-23-2024"]
[Site "Chess.com"]
[Date "2024.01.23"]
[Round "4"]
[White "kingofthenil"]
[Black "Anton_Demchenko"]
[Result "1-0"]
[WhiteElo "2687"]
[BlackElo "2936"]
[TimeControl "180+1"]
[EndTime "8:39:34 PST"]
[Termination "kingofthenil won by resignation"]

1. e4 e5 2. Nf3 Nc6 3. Bb5 a6 4. Bxc6 dxc6 5. O-O Qf6 6. d4 exd4 7. Bg5 Qd6 8. Nxd4 Bd7 9. Nc3 Ne7 10. Nb3 Qxd1 11. Raxd1 b6 12. a4 a5 13. Nd4 O-O-O 14. f3 f6 15. Be3 Ng6 16. g4 Ne5 17. Kg2 h5 18. h3 Bb4 19. Nce2 hxg4 20. hxg4 Bd6 21. b3 Ng6 22. Rh1 Kb7 23. Nf5 Bxf5 24. gxf5 Nh4+ 25. Kf2 g6 26. fxg6 Nxg6 27. Rdg1 Ne7 28. Bd4 Rhf8 29. Rh7 c5 30. Bb2 Nc6 31. Rgg7 f5 32.
exf5 Rxf5 33. Ng3 Rff8 34. Ne4 Bf4 35. Bc3 Nd4 36. Bxd4 cxd4 37. Ke2 Rg8 38. Kd3 Rxg7 39. Rxg7 Be3 40. Rf7 Rh8 41. Nd6+ Kb8 42. Nb5 Rh2 43.
Nxc7 Rd2+ 44. Ke4 Rxc2 45. Nd5 Rc6 46. Nxe3 dxe3 47. Kxe3 Rc3+ 48. Kf2 Rxb3 49. Rf4 Rb4 50. Rxb4 axb4 51. Ke3 Kc7 52. Kd4 b5 53. a5 Kc6 54.
f4 Kb7 55. f5 Ka6 56. f6 Kxa5 57. f7 b3 58. f8=Q b2 59. Qa3+ Kb6 60. Qxb2 b4 61.
Qxb4+ Kc6 62. Qc5+ 1-0

[Event "Early-Titled-Tuesday-Blitz-January-23-2024"]
[Site "Chess.com"]
[Date "2024.01.23"]
[Round "4"]
[White "viktorskliarov"]
[Black "FREZZY23"]
[Result "1/2-1/2"]
[WhiteElo "2662"]
[BlackElo "2467"]
[TimeControl "180+1"]
[EndTime "8:39:36 PST"]
[Termination "Game drawn by repetition"]

1. e4 c5 2. Nf3 d6 3. d4 cxd4 4.
Qxd4 Nf6 5. Nc3 a6 6. Be3 Nc6 7.
Qd2 e6 8. O-O-O Qc7 9. Bf4 e5 10. Bg5 Be6 11. Bxf6 gxf6 12. Nd5 Bxd5 13. Qxd5 Nb4 14.
Qb3 Rc8 15. c3 Nc6 16. Kb1 Ne7 17. Nh4 Rg8 18. g3 Bh6 19. Bh3 Rd8 20. Rd3 Qc6 21.
f3 Bg5 22. Ng2 h5 23. Rhd1 Ng6 24. Ne1 h4 25. Nc2 hxg3 26. hxg3 Rh8 27. Bf5 Ne7 28.
Nb4 Qb6 29. Bg4 Rh2 30. Nc2 Qxb3 31. axb3 Rg2 32. Rxd6 Rxd6 33. Rxd6 Rxg3 34. Nb4 Rg1+ 35.
Ka2 f5 36. exf5 Ng8 37. f6 Nxf6 38. Bf5 Ng8 39. Be4 Be7 40. Rb6 Bxb4 41. Rxb4 b5 42. Bb7 Rf1 43. Bxa6 Rxf3 44. Bxb5+ Ke7 45. Bc6 Rf6 46.
Bd5 Rd6 47. Rb7+ Kd8 48. Bxf7 Ne7 49. Bc4 e4 50. b4 e3 51. Kb3 Re6 52. Rb8+ Kc7 53.
Ra8 e2 54. Bxe2 Rxe2 55. Ra7+ Kb6 56. Rd7 Nc6 57. Rd5 Re3 58. Rh5 Rg3 59. Rh6 Kc7 60. Rh7+ Kb6 61. Rh6 Kc7 62. Rh7+ Kb6 63. Rh6 1/2-1/2

[Event "Early-Titled-Tuesday-Blitz-January-23-2024"]
[Site "Chess.com"]
[Date "2024.01.23"]
[Round "4"]
[White "olawsson"]
[Black "Ducke13"]
[Result "1-0"]
[WhiteElo "2157"]
[BlackElo "2303"]
[TimeControl "180+1"]
[EndTime "8:39:37 PST"]
[Termination "olawsson won by resignation"]

1. d4 Nf6 2. c4 g6 3. Nc3 d5 4. cxd5 Nxd5 5. e4 Nxc3 6. bxc3 Bg7 7. Be3 c5 8. Qd2 Qa5 9. Rc1 cxd4 10.
cxd4 Qxd2+ 11. Bxd2 O-O 12. Nf3 Bg4 13. d5 Nd7 14. Bb5 Bxf3 15. gxf3 Ne5 16. Ke2 a6 17. Ba4 b5 18. Bb3 Rfc8 19. Bb4 Kf8 20. d6 exd6 21.
Bxd6+ Kg8 22. Bd5 Rxc1 23. Rxc1 Rd8 24. Bc7 Rd7 25. Ba5 Nc4 26. Bxc4 bxc4 27. Rxc4 Be5 28. h3 Rb7 29. Rc2 Kg7 30. Ke3 Kh6 31. f4 Rb2 32. Rxb2 Bxb2 33. Kf3 Kh5 34. e5 Kh4 35. Kg2 Bc1 36.
Bd8+ Kh5 37. Kf3 Bd2 38. Ke4 Bc3 39. f5 gxf5+ 40. Kxf5 h6 41. Kf6 Kh4 42. Kxf7+ Kxh3 43. e6 Bb4 44. Be7 Bd2 45. Bc5 Bg5 46. Be3 Bh4 47. Bxh6 Kg2 48. e7 Bxe7 49. Kxe7 Kxf2 50. a4 Kf3 51.
Kd6 Ke4 52. Kc5 Ke5 53. Kb6 Kd6 54. Bf8+ Kd7 55. Kb7 Kd8 56. a5 Kd7 57. Bc5 Kd8 58. Bb6+ Kd7 59. Bc7 Ke8 60. Kxa6 Kd7 61. Kb7 Ke6 62. a6 Kd5 63. a7 1-0